 Dungeon Sprint DCSS version 0.29-a0-284-gf9362112df (webtiles) character file.

Game seed: 12633567205963232300

90 enile the Chopper (level 4, -3/47 HPs)
             Began as a Minotaur Fighter on Mar 22, 2022.
             Killed from afar by an oklob sapling (23 damage)
             ... with a splash of acid
             ... in the Dungeon (Sprint IV: "Fedhas' Mad Dash").
             The game lasted 00:00:41 (659 turns).

enile the Chopper (Minotaur Fighter)                 Turns: 659, Time: 00:00:42

Health: -3/47      AC:  3    Str: 22    XL:     4   Next: 32%
Magic:  3/3        EV:  9    Int:  5    God:
Gold:   30         SH:  4    Dex: 10    Spells: 3/3 levels left

rFire   . . .      SeeInvis .   a - +0 war axe
rCold   . . .      Faith    .   c - +0 buckler
rNeg    . . .      Spirit   .   b - +0 scale mail
rPois   .          Reflect  .   (helmet restricted)
rElec   .          Harm     .   (no cloak)
rCorr   .          Rampage  .   (no gloves)
Will    .....      NoTele   +   (no boots)
Stlth   ..........              (no amulet)
HPRegen 0.15/turn               (no ring)
MPRegen 0.08/turn               (no ring)

@: corroded
A: horns 2, retaliatory headbutt
a: no special abilities


You were in the Dungeon.
You visited 1 branch You collected 30 gold pieces.

Inventory:

Hand Weapons
 a - a +0 war axe (weapon)
Armour
 b - a +0 scale mail (worn)
 c - a +0 buckler (worn)
Jewellery
 l - the amulet of invisibility {+Inv}
   (You found it in the Dungeon)

   [amulet of nothing]

   +Inv:      It lets you turn invisible.
Scrolls
 j - 2 scrolls of blinking
 k - a scroll of vulnerability {unknown}
Potions
 d - a potion of might
 e - a potion of curing
 f - a potion of heal wounds
 g - 3 potions of haste
 h - 2 potions of magic
 i - a potion of berserk rage


   Skills:
 - Level 7.0 Fighting
 + Level 7.9 Axes
 - Level 4.4 Armour
 - Level 4.4 Shields


You had 3 spell levels left.
You didn't know any spells.
Your spell library was empty.

Dungeon Overview and Level Annotations

Branches:
Dungeon (1/1)

Altars:

Annotations:
D exclusion: oklob sapling


Innate Abilities, Weirdness & Mutations

You have a pair of horns on your head.
You reflexively headbutt those who attack you in melee.


Message History

You feel sick.
The scorpion stings you but does no damage.
You hit the scorpion.
You kill the scorpion!
You feel sick.
Training target 6.0 for Axes reached!
Your Axes skill gained 3 levels and is now at level 6!
You need to enable at least one skill for training.
Your Axes skill increases to level 7!
You have reached level 4!
You feel agile.
You feel sick.
You are no longer poisoned.
Key pressed, stopping explore.
You now have 7 gold pieces.
You now have 13 gold pieces (gained 6).
You now have 21 gold pieces (gained 8).
You now have 30 gold pieces (gained 9).
k - a scroll labelled XATAELOATS
g - 3 potions of haste (gained 2)
l - the amulet of invisibility {+Inv} You open the door.
An oklob sapling comes into view.
Marking area around an oklob sapling as unsafe for travelling.
Found 27 gold pieces.
There is an open door here.
The oklob sapling spits acid at you. The splash of acid hits you!!
Ouch! That really hurt!
The acid corrodes you!
You hit the oklob sapling.
The oklob sapling is moderately damaged.
You completely miss the oklob sapling.
You headbutt the oklob sapling, but do no damage.
The oklob sapling is moderately damaged.
You hit the oklob sapling but do no damage.
The oklob sapling is moderately damaged.
The oklob sapling spits acid at you. The splash of acid hits you!!
You die...

##################
#<..P#.....#.....#
#PP..'.....'.#...+
#PPPP#.....#.#...#
###############'##
+.@.# #$P$# #####


You could see an oklob sapling.

Vanquished Creatures
  A scorpion (D)
  An oklob sapling (D)
  A river rat (D)
  A rat (D)
4 creatures vanquished.

Notes
Turn   | Place    | Note
-------+----------+-------------------------------------------
     0 | D        | enile the Minotaur Fighter began the quest for the Orb.
     0 | D        | Reached XP level 1. HP: 19/19 MP: 0/0
     8 | D        | Reached XP level 2. HP: 28/28 MP: 1/1
    13 | D        | Noticed an oklob sapling
   479 | D        | Killed an oklob sapling
   480 | D        | Reached XP level 3. HP: 39/39 MP: 2/2
   481 | D        | Noticed a scorpion
   481 | D        | Found the amulet of invisibility {+Inv}
   488 | D        | Killed a scorpion
   489 | D        | Reached XP level 4. HP: 25/47 MP: 3/3
   659 | D        | Killed from afar by an oklob sapling

Illustrated notes

Levels and vault maps discovered:
D:        dungeon_sprint_fedhas [sprint_temple]

Skill      XL: |  1  2  3 |
---------------+----------+-----
Fighting       | 4 7 |  7.0
Axes           | 3 7 |  7.9
Armour         | 4 |  4.4
Shields        | 4 |  4.4

Action                   |  1- 3 |  4- 6 || total
-------------------------+-------+-------++-------
Melee: War axe           |    16 |     3 ||    19
       Headbutt          |     2 |     1 ||     3
Armor: Scale mail        |     4 |       ||     4
Dodge: Dodged            |     1 |       ||     1
Block: Buckler           |     4 |       ||     4

Table legend: (Time is in decaauts)
 A = Elapsed time spent in this place.
 B = Non-inter-level travel time spent in this place.
 C = Inter-level travel time spent in this place.
 D = Time resting spent in this place.
 E = Time spent auto-exploring this place.
 F = Levels seen in this place.
 G = Mean time per level.
                   A        B        C        D        E       F      G
               +--------+--------+--------+--------+--------+-----+--------+
         Total |    665 |    665 |      0 |    452 |    172 |   1 |  665.0 |
       Dungeon |    665 |    665 |      0 |    452 |    172 |   1 |  665.0 |
               +--------+--------+--------+--------+--------+-----+--------+

Top non-repeatable levels by time:
       D: 665 daAuts
